 Dungeon Crawl Stone Soup version 0.17.2-1-ge4368a0 (webtiles) character file.

20 ololoev the Skirmisher (level 2, -2/24 HPs)
             Began as a Demonspawn Fighter on Oct 27, 2016.
             Slain by an adder (4 damage)
             ... on level 2 of the Dungeon.
             The game lasted 00:01:18 (189 turns).

ololoev the Skirmisher (Demonspawn Fighter)          Turns: 189, Time: 00:01:18

Health: -2/24      AC:  6    Str: 21    XL:     2   Next: 58%
Magic:  2/2        EV:  9    Int:  9    God:
Gold:   0          SH:  0    Dex: 12    Spells: 0 memorised, 1 level left

rFire  . . .     SeeInvis .     a - +0 war axe
rCold  . . .     Clarity  .     b - +0 scale mail
rNeg   . . .     SustAt   .     (no shield)
rPois  .         Gourm    .     (helmet restricted)
rElec  .         Spirit   .     (no cloak)
rCorr  .         Warding  .     (no gloves)
rMut   .         Stasis   .     (no boots)
MR     .....                    (no amulet)
Stlth  ..........               (no ring)
                                (no ring)

@: mighty, not resistant to hostile enchantments, extremely unstealthy
A: antennae 1
a: no special abilities


Innate Abilities, Weirdness & Mutations

You have a pair of small antennae on your head.

Inventory:

Hand Weapons
 a - a +0 war axe (weapon)
Armour
 b - a +0 scale mail (worn)
Scrolls
 c - a scroll of enchant weapon {unknown}
 h - a scroll of remove curse {unknown}
 i - a scroll of amnesia {unknown}
 j - a scroll of identify {unknown}
Potions
 f - a potion of haste {unknown}
 g - a potion of curing {unknown}
 k - 2 potions of ambrosia {unknown}
Comestibles
 e - a bread ration


   Skills:
 + Level 3.4 Fighting
 * Level 2.2 Axes
 + Level 2.9 Armour
   Level 2.6 Shields


You had one spell level left.
You didn't know any spells.


You were on level 2 of the Dungeon.
You were not hungry.

You visited 1 branch of the dungeon, and saw 2 of its levels.

...#
##+#.##.......#
####
####.#+##†...####
# #............#
#........†...#
#........#.#.#
#........#.#.#
#..........#.#
#..........#.#
##....@...#
####.S...#
.......#
##......#
#.##...# .. ##..#
... ..# #### #.#

Notes
Turn   | Place    | Note
--------------------------------------------------------------
     0 | D:1      | ololoev the Demonspawn Fighter began the quest for the Orb.
     0 | D:1      | Reached XP level 1. HP: 18/18 MP: 1/1
    72 | D:2      | Gained mutation: You have a pair of small antennae on your head. [demonic ancestry]
    72 | D:2      | Reached XP level 2. HP: 18/24 MP: 2/2
   189 | D:2      | Slain by an adder

Dungeon Overview and Level Annotations

Branches:
Dungeon (2/15)

Altars:


Message History

The ball python bites you but does no damage.
The ball python constricts you.
You slash the ball python!
You kill the ball python!
You barely miss the ball python. The ball python closely misses you.
The ball python barely misses you. The ball python closely misses you.
The ball python grabs you. The ball python constricts you.
The giant newt bites you but does no damage.
Your scale mail prevents you from hitting the ball python.
You barely miss the giant newt. The ball python bites you.
The ball python constricts you. The giant newt barely misses you.
The ball python bites you but does no damage.
The ball python constricts you.
You slash the ball python!
You kill the ball python!
You hit the giant newt.
You kill the giant newt!
An adder comes into view.
Drink which item? (? for menu, Esc to quit)
You feel very mighty all of a sudden. The adder bites you.
You miss the adder. The adder closely misses you.
The adder bites you but does no damage.
You closely miss the adder. The adder barely misses you.
The adder barely misses you.
You miss the adder. The adder barely misses you. The adder closely misses you.
You barely miss the adder. The adder bites you but does no damage.
You slash the adder!
The adder is severely wounded.
The adder bites you. The adder bites you but does no damage.
You miss the adder.
The adder is severely wounded.
The adder bites you. The adder closely misses you.
You closely miss the adder.
The adder is severely wounded.
The adder bites you but does no damage. The adder barely misses you.
You miss the adder.
The adder is severely wounded.
The adder bites you. x2
You die...

You could see an adder.

Vanquished Creatures
  An adder (D:2)
  2 ball pythons (D:2)
  A goblin (D:2)
  2 hobgoblins
  A kobold (D:2)
  A giant cockroach (D:2)
  2 giant newts (D:2)
  2 rats (D:2)
12 creatures vanquished.

Action                   || total
-------------------------++-------
Melee: War axe           ||    29
  Use: Potion            ||     1

Vault maps used:
D:1:      roderic_crossed_star
D:2:      kiku_gazebo_garden_becter
